Map: Ulrena

Players

ImmortalZodd - Winner!

  • Race: Zerg Zerg
  • League: Silver

Sam

  • Race: Zerg Zerg
  • League: Silver

VOD

Have the link to the VOD?

Description

Time

  • Played on: Jan. 30, 2016, 1:12 a.m.
  • Length: 8:59
Show
View Real Time Build Order
Export as new Build Order

ImmortalZodd Zerg - Winner!

Build Orders: Hatch First 

Get SALT Encoding   

  12  0:03  Drone  
  13  0:12  Drone  
  14  0:18  Drone, Extractor  
  15  0:23  Overlord  
  15  0:43  Drone  
  15  0:44  Drone  
  17  0:59  Drone  
  17  1:03  Hatchery, Extractor  
  16  1:08  Drone  
  16  1:09  Drone  
  18  1:19  Drone  
  19  1:27  Spawning Pool  
  19  1:31  Drone  
  19  1:46  Drone  
  20  1:51  Drone  
  21  2:01  Overlord  
  21  2:13  Metabolic Boost  
  22  2:15  Zergling x4  
  22  2:18  Queen  
  25  2:26  Queen  
  27  2:31  Drone  
  27  2:32  Drone  
  27  2:34  Drone  
  30  2:39  Drone  
  31  2:45  Drone  
  31  2:47  Zergling x2  
  33  2:53  Baneling Nest  
  33  2:55  Drone  
  33  2:56  Evolution Chamber  
  32  3:03  Drone  
  33  3:11  Drone x2  
  35  3:26  Zergling x2  
  36  3:35  Spine Crawler  
  36  3:37  Spine Crawler  
  33  3:43  Zergling x6  
  33  3:48  Overlord x5  
  36  3:56  Zerg Melee Weapons Level 1  
  36  4:08  Baneling x4  
  36  4:09  Baneling x2  
  36  4:13  Zergling x4  
  36  4:14  Zergling x6  
  41  4:18  Zergling x4  
  41  4:19  Zergling x2  
  41  4:22  Drone  
  45  4:24  Drone  
  46  4:33  Drone  
  46  4:34  Drone x3  
  50  4:41  Zergling x2  
  51  4:52  Zergling x8  
  55  5:00  Zergling x4  
  57  5:21  Zergling x12  
  58  5:22  Zergling x4  
  61  5:33  Zergling x4  
  51  5:55  Zergling x8  
  47  6:10  Zergling x2  
  47  6:11  Zergling x4  
  46  6:24  Baneling  
  46  6:25  Baneling x7  
  46  6:26  Baneling x2  
  46  6:28  Zergling x10  
  46  6:29  Zergling x6  
  53  6:35  Zergling x4  
  53  6:37  Zergling x2  
  46  7:01  Baneling x8  
  45  7:03  Zergling x8  
  45  7:04  Zergling x10  
  54  7:11  Zergling x2  
  55  7:19  Zergling x4  
  57  7:29  Roach Warren  
  56  7:32  Hatchery  
  55  7:47  Zergling x10  
  55  7:48  Zergling x8  
  61  8:05  Zergling x6  
  62  8:18  Zergling x4  
  55  8:38  Spine Crawler x3  
  55  8:39  Spine Crawler  
  55  8:40  Spine Crawler x2  
Show
View Real Time Build Order
Export as new Build Order

Sam Zerg 

Build Orders: Hatch First 

Get SALT Encoding   

  12  0:01  Drone  
  13  0:08  Drone  
  14  0:14  Extractor  
  14  0:15  Drone  
  15  0:22  Overlord  
  15  0:40  Drone  
  16  0:45  Drone x2  
  18  0:55  Drone  
  19  1:03  Hatchery  
  18  1:08  Drone  
  19  1:20  Spawning Pool  
  19  1:22  Extractor  
  19  1:23  Drone  
  18  1:28  Drone  
  19  1:38  Drone  
  20  1:49  Drone  
  21  2:00  Drone  
  22  2:13  Overlord  
  22  2:14  Queen  
  24  2:15  Queen  
  26  2:37  Roach Warren  
  26  2:43  Spine Crawler  
  24  2:48  Metabolic Boost  
  24  2:50  Queen  
  24  2:51  Queen  
  26  2:52  Zergling x2  
  26  2:55  Zergling x2  
  31  2:58  Drone  
  31  3:01  Drone  
  31  3:05  Drone  
  33  3:16  Extractor  
  30  3:47  Overlord x3  
  30  3:48  Overlord x3  
  30  3:53  Spine Crawler  
  29  4:02  Spine Crawler  
  28  4:06  Spine Crawler  
  27  4:18  Lair  
  27  4:21  Roach  
  29  4:27  Roach  
  31  4:34  Roach  
  33  4:40  Roach  
  35  4:46  Roach  
  35  4:52  Roach  
  39  4:57  Drone  
  40  5:00  Drone  
  40  5:04  Drone  
  42  5:09  Drone  
  43  5:15  Zergling x2  
  43  5:17  Drone  
  45  5:23  Glial Reconstitution  
  41  5:41  Roach  
  41  5:42  Roach x2  
  46  5:53  Roach  
  46  5:56  Roach  
  50  6:04  Roach  
  52  6:05  Roach  
  52  6:10  Roach  
  55  6:14  Roach  
  55  6:19  Roach  
  55  6:36  Roach  
  55  6:37  Roach x2  
  55  6:38  Roach  
  57  6:44  Roach  
  53  6:47  Roach  
  49  6:59  Roach  
  49  7:00  Roach  
  49  7:01  Roach  
  53  7:08  Drone  
  54  7:22  Roach x3  
  60  7:23  Roach  
  62  7:32  Queen  
  62  7:36  Roach  
  66  7:41  Roach  
  68  7:55  Roach  
  68  7:56  Roach x2  
  70  7:59  Roach  
  45  8:21  Roach  
  45  8:22  Roach  
  37  8:32  Roach  
Tags
 
Add a new tag
Caveats
  • Supply blocks, unpowered buildings, or Contaminate may cause inaccurate times.
  • Supply counts are checked every 10 seconds.